 Dungeon Crawl Stone Soup version 0.30-b1-2-g02819fbbbe (webtiles) character file.

Game seed: 11828400567855951099

1 prikolics the Grasshopper (level 1, -1/19 HPs)
             Began as a Naga Warper on Aug 8, 2023.
             Slain by a ball python (2 damage)
             ... on level 1 of the Dungeon.
             The game lasted 00:00:35 (50 turns).

prikolics the Grasshopper (Naga Warper)               Turns: 50, Time: 00:00:36

Health: -1/19      AC:  1    Str: 13    XL:     1   Next: 20%
Magic:  3/3        EV:  9    Int: 13    God:
Gold:   6          SH:  0    Dex: 10    Spells: 4/4 levels left

rFire   . . .        a - +0 spear
rCold   . . .        (no shield)
rNeg    . . .        b - +0 leather armour
rPois   +            (no helmet)
rElec   .            (no cloak)
rCorr   .            (no gloves)
SInv    +            (no barding)
Will    .....        (no amulet)
Stlth   +            (no ring)
HPRegen 0.23/turn    (no ring)
MPRegen 0.08/turn

%: no passive effects
@: very slow
A: AC +0, large, see invisible, deformed body, poison resistance, slowness 2,
spit poison 1, naga tail 1
a: Spit Poison


You were on level 1 of the Dungeon.
You visited 1 branch of the dungeon, and saw 1 of its levels.

You collected 6 gold pieces.

Inventory:

Hand Weapons
 a - a +0 spear (weapon)
Missiles
 d - 7 boomerangs of dispersal (quivered)
Armour
 b - a +0 leather armour (worn)
Scrolls
 c - a scroll of blinking
 h - a scroll of enchant weapon {unknown}
Potions
 e - a potion of heal wounds {unknown}
 f - a potion of curing {unknown}
 g - a potion of might {unknown}


   Skills:
 + Level 2.0 Fighting
 + Level 2.0 Polearms
 + Level 0.8 Throwing
 + Level 0.7 Armour
 + Level 1.5 Dodging
 + Level 2.0 Spellcasting
 + Level 3.1 Translocations


You had 4 spell levels left.
You didn't know any spells.
Your spell library contained the following spells:

 Spells                   Type           Power      Damage    Failure   Level
 Blink                    Tloc           18%        N/A       14%         2
 Lesser Beckoning         Tloc           18%        N/A       14%         2
 Teleport Other           Tloc           9%         N/A       26%         3
 Vhi's Electric Charge    Tloc/Air       10%        N/A       45%         3
 Manifold Assault         Tloc           9%         N/A       65%         4


Dungeon Overview and Level Annotations

Branches:
Dungeon (1/15)

Altars:


Innate Abilities, Weirdness & Mutations

Your serpentine skin is tough. (AC +0)
You have supernaturally acute eyesight. (SInv)
Armour fits poorly on your strangely shaped body.
Your system is resistant to poisons. (rPois)
You cover ground very slowly.
You can spit poison.
You have a snake-like lower body.


Message History

The jackal barks!
The bat hits you but does no damage. x2; The jackal barely misses you.
The ball python attacks as you move away!
The ball python bites you. The bat hits you. The jackal closely misses you.
The bat hits you. The jackal completely misses you.
The ball python closely misses you. The jackal bites you.
You open the large door. The bat barely misses you.
The jackal closely misses you. The jackal bites you.
The ball python barely misses you.
The ball python attacks as you move away!
The ball python barely misses you. The bat hits you but does no damage.
The bat hits you.
There is a large open door here.
The jackal attacks as you move away! The jackal bites you.
The bat closely misses you.
You hit the jackal but do no damage. The bat hits you but does no damage.
The jackal bites you. The bat hits you but does no damage.
Aiming: Spit Poison (3% risk of failure)
Press: ? - help, Shift-Dir - straight line, f - bat
Aim: a bat (35% to hit)
The splash of poison hits the bat.
The bat is poisoned.
The bat is heavily wounded.
The bat barely misses you. The jackal attacks as you move away!
The jackal barely misses you.
The bat hits you but does no damage. x2; The jackal bites you.
* * * LOW HITPOINT WARNING * * *
The jackal bites you.
* * * LOW HITPOINT WARNING * * *
The bat hits you but does no damage. The jackal barely misses you. x2
The bat attacks as you move away! The bat closely misses you.
You kill the bat!
The jackal misses you. The jackal closely misses you. The jackal misses you.
The ball python attacks as you move away!
The ball python bites you but does no damage.
The jackal attacks as you move away! The jackal closely misses you.
You have got your breath back.
The jackal bites you.
* * * LOW HITPOINT WARNING * * *
The ball python bites you.
You die...

................##
.................#
..............#...
..####''####..#
##....###..#
#.....†##..#
##......##..#
#......hh#..#
#...)..S@#..#
#...##...#..#
#..####..#..#
+..+><'..'..#
#..####..#..#
#...##...#..#
#........#..#
#........#).#
##......##..#


You could see 2 jackals and a ball python.

Vanquished Creatures
  A bat (D:1)
1 creature vanquished.

Notes
Turn   | Place    | Note
-------+----------+-------------------------------------------
     0 | D:1      | prikolics the Naga Warper began the quest for the Orb.
     0 | D:1      | Reached XP level 1. HP: 19/19 MP: 3/3
    50 | D:1      | Slain by a ball python

Illustrated notes

Levels and vault maps discovered:
D:1:      dpeg_arrival_refuge, layout_basic,
          hellmonk_ecumenical_altar_watching_god, grunt_decor_clamped

Action                     || total
---------------------------++-------
  Melee: Spear             ||     1
Ability: Spit Poison       ||     1
 Armour: Leather armour    ||     9
  Dodge: Dodged            ||    18
